Ducks vs Blues

Created - March 17, 2024 at 22:00

Goals
1 2 3 T
Ducks 0 0 1 1
Blues 2 2 0 4
Shots
1 2 3 T
Ducks 4 5 5 14
Blues 17 22 19 58

1st period

1. Blues , Mario Ferraro 5 (Teddy Blueger 14, Andrew Cogliano 6) at 18:41
2. Blues , Noah Dobson 5 (Brandon Hagel 18, Jake Guentzel 40) at 19:47 (PP)

Penalties :
Timo Meier (ANA) for Slashing (Minor) at 4:22, Teddy Blueger (STL) for Holding (Minor) at 7:18, Teddy Blueger (STL) for Cross-checking (Minor) at 10:51, Timo Meier (ANA) for Hooking (Minor) at 19:19

2nd period

3. Blues , Eetu Luostarinen 12 (Cole Guttman 12, Gustav Forsling 43) at 2:26
4. Blues , Brandon Hagel 22 (Mario Ferraro 21) at 6:46

Penalties :
Darren Helm (STL) for Tripping (Minor) at 9:48

3rd period

5. Ducks , Kurtis MacDermid 7 (Andrei Svechnikov 26) at 2:49

Penalties :
Timo Meier (ANA) for Hooking (Minor) at 10:52, Corey Schueneman (ANA) for Hooking (Minor) at 15:33

Goalie Stats

Jussi Olkinuora (ANA), 54 saves from 58 shots - (0.931), L, 3-28-1, 60:00 minutes
Tristan Jarry (STL), 13 saves from 14 shots - (0.929), W, 31-22-3, 60:00 minutes

Players Stats for Ducks

Player Name              G  A  P  +/- PIM S  H  SB GA TA FO     MP     PP MP  PK MP  
------------------------------------------------------------------------------------
Alex Petrovic            0  0  0   1  0   0  3  2  0  0  0/0    14:05   2:15   2:47 
Alexey Toropchenko       0  0  0  -3  0   0  1  0  0  0  0/0    16:42   0:43   0:55 
Andrei Svechnikov        0  1  1   1  0   0  1  1  0  0  1/7    21:26   0:00   2:41 
Anthony Vincent          0  0  0  -3  0   2  0  0  0  0  0/1    15:58   0:00   0:00 
Brandon Hickey           0  0  0   0  0   0  0  1  0  0  0/0    15:22   0:00   0:00 
Brennan Saulnier         0  0  0   0  0   2  0  0  0  0  6/11   10:13   0:00   0:00 
Corey Schueneman         0  0  0  -2  2   0  2  0  0  0  0/0    14:58   0:00   0:29 
Devon Toews              0  0  0  -2  0   1  1  4  0  0  0/0    19:51   1:43   3:38 
Dylan McIlrath           0  0  0   0  0   2  7  3  0  0  0/0    24:50   4:14   2:50 
Henrik Borgstrom         0  0  0   0  0   0  0  1  0  0  10/27  18:03   3:42   1:26 
Jack Dougherty           0  0  0  -1  0   1  1  1  0  0  0/0    12:25   3:42   0:00 
Jacob Perreault          0  0  0   0  0   2  1  1  0  0  0/3    18:22   2:15   2:18 
Kurtis MacDermid         1  0  1   1  0   1  3  4  0  0  2/10   11:38   0:00   3:06 
Nicholas Caamano         0  0  0   1  0   1  2  0  0  0  0/1    14:14   3:42   2:00 
Ryan Wagner              0  0  0   0  0   0  0  1  0  0  0/1    16:21   3:08   3:00 
Seth Helgeson            0  0  0   0  0   0  2  1  0  0  0/0    15:22   0:00   0:00 
Timo Meier               0  0  0   0  6   1  3  0  0  0  2/3    16:31   2:15   0:30 
Travis Howe              0  0  0  -3  0   1  2  0  0  0  8/18   17:10   2:06   0:00 

Players Stats for Blues

Player Name              G  A  P  +/- PIM S  H  SB GA TA FO     MP     PP MP  PK MP  
------------------------------------------------------------------------------------
Alex Green               0  0  0  -1  0   0  0  1  0  0  0/0    15:30   0:00   0:00 
Alexander Alexeyev       0  0  0   1  0   5  3  0  0  0  0/0    18:35   0:34   2:49 
Anders Lee               0  0  0   0  0   2  2  0  0  0  0/0    16:28   3:48   0:00 
Andrew Cogliano          0  1  1   1  0   5  2  0  0  0  0/2    15:56   0:00   3:55 
Brandon Hagel            1  1  2   1  0   4  2  0  0  0  0/2    17:25   3:55   1:29 
Cole Guttman             0  1  1   1  0   2  0  0  0  0  5/8     9:13   0:00   0:00 
Darren Helm              0  0  0   1  2   2  2  0  0  0  2/2     9:36   0:24   0:00 
Derek Forbort            0  0  0  -1  0   2  5  2  0  0  0/0    18:37   0:00   2:49 
Eetu Luostarinen         1  0  1   1  0   5  0  0  0  0  6/8    13:08   0:00   3:55 
Filip Forsberg           0  0  0   0  0   6  0  0  0  0  0/0    16:21   2:37   0:00 
Gustav Forsling          0  1  1   1  0   2  2  0  0  0  0/0    22:33   3:11   3:08 
Jake Guentzel            0  1  1   0  0   6  0  0  0  0  0/2    16:47   4:07   0:00 
Logan Couture            0  0  0   0  0   7  0  0  0  0  18/21  16:28   3:48   0:00 
Mario Ferraro            1  1  2   2  0   2  0  0  0  0  0/0    20:19   1:17   3:08 
Nic Dowd                 0  0  0   0  0   2  1  0  0  0  10/15  16:21   2:37   0:00 
Noah Dobson              1  0  1   2  0   2  0  0  0  0  0/0    20:31   3:53   0:00 
Teddy Blueger            0  1  1   1  4   0  3  0  0  0  11/19  12:32   0:00   0:33 
Tyler Motte              0  0  0   0  0   4  2  0  0  0  1/3    17:40   1:54   2:02 

3 Stars

1 - Brandon Hagel (STL)
2 - Mario Ferraro (STL)
3 - Jussi Olkinuora (ANA)

Power Play

Ducks - 0 on 3 Attempt(s) - 0.00%
Blues - 1 on 4 Attempt(s) - 25.00%

Penalty Kill

Ducks - 3 on 4 Attempt(s) - 75.00% - Score 0 goal in Penalty Kill
Blues - 3 on 3 Attempt(s) - 100.00% - Score 0 goal in Penalty Kill

Team Stat

Ducks - Hits : 29 - Faceoff Wins : 29 - Blocked Shots : 20 - Penalty Minutes : 8
Blues - Hits : 24 - Faceoff Wins : 53 - Blocked Shots : 3 - Penalty Minutes : 6

Official

Referees : Reid Anderson and Eric Furlatt
Linesman : Derek Nansen and Matt MacPherson

Game Notes

No Game Note

Finance

Level 1 -- Attendance: 6000 (100.00%) -- Ticket Income $630,000
Level 2 -- Attendance: 5000 (100.00%) -- Ticket Income $225,000
Level 3 -- Attendance: 2000 (100.00%) -- Ticket Income $80,000
Level 4 -- Attendance: 4000 (100.00%) -- Ticket Income $140,000
Luxury Box -- Attendance: 1000 (100.00%) -- Ticket Income $100,000
Game was played at the Scottrade Center.
Total Attendance: 18000 (100.00%)
Total Ticket Income: $1,175,000
Other Income: $575,750
Total Income: $1,750,750

Ducks

5 vs 5 Forward 
   Center                   Left Wing                Right Wing               Time % Phy DF OF 
 1 Henrik Borgstrom         Timo Meier               Jacob Perreault          25     3   1  1  
 2 Travis Howe              Alexey Toropchenko       Anthony Vincent          25     3   1  1  
 3 Kurtis MacDermid         Nicholas Caamano         Andrei Svechnikov        25     3   1  1  
 4 Brennan Saulnier         Ryan Wagner              Andrei Svechnikov        25     3   1  1  

5 vs 5 Defense 
   Defense                  Defense                                           Time % Phy DF OF 
 1 Seth Helgeson            Brandon Hickey                                    25     3   1  1  
 2 Alex Petrovic            Dylan McIlrath                                    25     3   1  1  
 3 Devon Toews              Corey Schueneman                                  25     3   1  1  
 4 Jack Dougherty           Dylan McIlrath                                    25     3   1  1  

PowerPlay Forward 
   Center                   Left Wing                Right Wing               Time % Phy DF OF 
 1 Henrik Borgstrom         Nicholas Caamano         Ryan Wagner              60     1   2  2  
 2 Timo Meier               Jacob Perreault          Travis Howe              40     1   2  2  

PowerPlay Defense
   Defense                  Defense                                           Time % Phy DF OF 
 1 Dylan McIlrath           Jack Dougherty                                    60     1   2  2  
 2 Alex Petrovic            Dylan McIlrath                                    40     1   2  2  

Penalty Kill 4 Players Forward 
   Center                   Wing                     Time % Phy DF OF 
 1 Andrei Svechnikov        Ryan Wagner              60     1   2  2  
 2 Jacob Perreault          Nicholas Caamano         40     1   2  2  

Penalty Kill 4 Players Defense
   Defense                  Defense                  Time % Phy DF OF 
 1 Kurtis MacDermid         Devon Toews              60     1   2  2  
 2 Alex Petrovic            Dylan McIlrath           40     1   2  2  

Penalty Kill - 3 Players Forward 
   Forward                                           Time % Phy DF OF 
 1 Travis Howe                                       60     1   2  2  
 2 Andrei Svechnikov                                 40     1   2  2  

Penalty Kill - 3 Players Defense
   Defense                  Defense                  Time % Phy DF OF 
 1 Seth Helgeson            Devon Toews              60     1   2  2  
 2 Alex Petrovic            Dylan McIlrath           40     1   2  2  

4 vs 4 Forward 
   Center                   Wing                     Time % Phy DF OF 
 1 Andrei Svechnikov        Nicholas Caamano         60     1   2  2  
 2 Alexey Toropchenko       Henrik Borgstrom         40     1   2  2  

4 vs 4 Defense
   Defense                  Defense                  Time % Phy DF OF 
 1 Corey Schueneman         Kurtis MacDermid         60     1   2  2  
 2 Alex Petrovic            Jack Dougherty           40     1   2  2  

Last Minutes Offensive
   Center                   Left Wing                Right Wing               Defense                  Defense                  
   Henrik Borgstrom         Timo Meier               Andrei Svechnikov        Alex Petrovic            Devon Toews              

Last Minutes Defensive
   Center                   Left Wing                Right Wing               Defense                  Defense                  
   Henrik Borgstrom         Timo Meier               Andrei Svechnikov        Alex Petrovic            Devon Toews              

Goaltenders
Starting : Jussi Olkinuora          
Backup : Anton Khudobin           

Extra Forwards
Normal : Jacob Perreault, Nicholas Caamano, Ryan Wagner - PP : Jacob Perreault, Nicholas Caamano - PK : Ryan Wagner
Extra Defensemen
Normal : Devon Toews, Corey Schueneman, Seth Helgeson - PP : Devon Toews - PK : Corey Schueneman, Seth Helgeson
Penalty Shots
Timo Meier, Andrei Svechnikov, Alexey Toropchenko, Nicholas Caamano, Henrik Borgstrom
Custom OT Lines Forwards
Timo Meier, Andrei Svechnikov, Alexey Toropchenko, Kurtis MacDermid, Henrik Borgstrom, Brennan Saulnier, Jacob Perreault, Nicholas Caamano, Ryan Wagner, Travis Howe
Custom OT Lines Defensemen
Corey Schueneman, Jack Dougherty, Alex Petrovic, Dylan McIlrath, Devon Toews

Scratches
Alexander Kerfoot (Healthy), Nathan Bastian (Healthy), Bobby Lynch (Broken Ribs Injury), Jake Oettinger (Healthy)

Blues

5 vs 5 Forward 
   Center                   Left Wing                Right Wing               Time % Phy DF OF 
 1 Logan Couture            Anders Lee               Jake Guentzel            30     1   2  2  
 2 Nic Dowd                 Filip Forsberg           Tyler Motte              28     1   2  2  
 3 Teddy Blueger            Brandon Hagel            Andrew Cogliano          25     1   2  2  
 4 Cole Guttman             Eetu Luostarinen         Darren Helm              17     1   2  2  

5 vs 5 Defense 
   Defense                  Defense                                           Time % Phy DF OF 
 1 Gustav Forsling          Alexander Alexeyev                                34     1   2  2  
 2 Alex Green               Derek Forbort                                     33     1   2  2  
 3 Noah Dobson              Mario Ferraro                                     32     1   2  2  
 4 Gustav Forsling          Derek Forbort                                     1      1   2  2  

PowerPlay Forward 
   Center                   Left Wing                Right Wing               Time % Phy DF OF 
 1 Logan Couture            Anders Lee               Jake Guentzel            60     1   2  2  
 2 Nic Dowd                 Filip Forsberg           Jake Guentzel            40     1   2  2  

PowerPlay Defense
   Defense                  Defense                                           Time % Phy DF OF 
 1 Brandon Hagel            Noah Dobson                                       60     1   2  2  
 2 Brandon Hagel            Noah Dobson                                       40     1   2  2  

Penalty Kill 4 Players Forward 
   Center                   Wing                     Time % Phy DF OF 
 1 Eetu Luostarinen         Andrew Cogliano          60     1   2  2  
 2 Teddy Blueger            Tyler Motte              40     1   2  2  

Penalty Kill 4 Players Defense
   Defense                  Defense                  Time % Phy DF OF 
 1 Gustav Forsling          Mario Ferraro            60     1   2  2  
 2 Alexander Alexeyev       Derek Forbort            40     1   2  2  

Penalty Kill - 3 Players Forward 
   Forward                                           Time % Phy DF OF 
 1 Tyler Motte                                       60     1   2  2  
 2 Teddy Blueger                                     40     1   2  2  

Penalty Kill - 3 Players Defense
   Defense                  Defense                  Time % Phy DF OF 
 1 Noah Dobson              Alexander Alexeyev       60     1   2  2  
 2 Gustav Forsling          Derek Forbort            40     1   2  2  

4 vs 4 Forward 
   Center                   Wing                     Time % Phy DF OF 
 1 Logan Couture            Jake Guentzel            60     1   2  2  
 2 Anders Lee               Filip Forsberg           40     1   2  2  

4 vs 4 Defense
   Defense                  Defense                  Time % Phy DF OF 
 1 Mario Ferraro            Noah Dobson              60     1   2  2  
 2 Alexander Alexeyev       Derek Forbort            40     1   2  2  

Last Minutes Offensive
   Center                   Left Wing                Right Wing               Defense                  Defense                  
   Logan Couture            Filip Forsberg           Jake Guentzel            Anders Lee               Noah Dobson              

Last Minutes Defensive
   Center                   Left Wing                Right Wing               Defense                  Defense                  
   Nic Dowd                 Teddy Blueger            Tyler Motte              Derek Forbort            Mario Ferraro            

Goaltenders
Starting : Tristan Jarry            
Backup : Alex Lyon                

Extra Forwards
Normal : Nic Dowd, Anders Lee, Brandon Hagel - PP : Nic Dowd, Anders Lee - PK : Brandon Hagel
Extra Defensemen
Normal : Noah Dobson, Mario Ferraro, Derek Forbort - PP : Noah Dobson - PK : Mario Ferraro, Derek Forbort
Penalty Shots
Andrew Cogliano, Logan Couture, Jake Guentzel, Darren Helm, Filip Forsberg
Custom OT Lines Forwards
Andrew Cogliano, Logan Couture, Jake Guentzel, Filip Forsberg, Nic Dowd, Anders Lee, Brandon Hagel, Tyler Motte, Eetu Luostarinen, Teddy Blueger
Custom OT Lines Defensemen
Mario Ferraro, Alexander Alexeyev, Gustav Forsling, Derek Forbort, Noah Dobson

Scratches
Sean Walker (Healthy)

% Time on Ice - Ducks

Lines # - Real PCT - Wanted PCT - Time Play
Normal Forward
1 - 29% - 25% - 13:49
2 - 32% - 25% - 15:04
3 - 18% - 25% - 8:32
4 - 21% - 25% - 10:13
Normal Defense
1 - 32% - 25% - 15:22
2 - 19% - 25% - 9:03
3 - 30% - 25% - 14:30
4 - 18% - 25% - 8:43
PP Forward
1 - 62% - 60% - 3:42
2 - 38% - 40% - 2:15
PP Defense
1 - 62% - 60% - 3:42
2 - 38% - 40% - 2:15
PK Forward
1 - 64% - 60% - 4:07
2 - 36% - 40% - 2:18
PK Defense
1 - 57% - 60% - 3:38
2 - 43% - 40% - 2:47
PK3 Forward
1 - 0% - 60%
2 - 0% - 40%
PK3 Defense
1 - 0% - 60%
2 - 0% - 40%
44 Forward
1 - 0% - 60%
2 - 0% - 40%
44 Defense
1 - 0% - 60%
2 - 0% - 40%
Last Minute Offensive  - 0:00
Last Minute Defensive  - 0:00
Total
Forward - 60:00
Defense - 60:00

% Time on Ice - Blues

Lines # - Real PCT - Wanted PCT - Time Play
Normal Forward
1 - 27% - 30% - 12:40
2 - 29% - 28% - 13:44
3 - 25% - 25% - 12:01
4 - 19% - 17% - 9:13
Normal Defense
1 - 32% - 34% - 15:12
2 - 31% - 33% - 14:46
3 - 35% - 32% - 16:38
4 - 2% - 1% - 1:02
PP Forward
1 - 59% - 60% - 3:48
2 - 41% - 40% - 2:37
PP Defense
1 - 94% - 60% - 6:01
2 - 6% - 40% - 0:24
PK Forward
1 - 66% - 60% - 3:55
2 - 34% - 40% - 2:02
PK Defense
1 - 53% - 60% - 3:08
2 - 47% - 40% - 2:49
PK3 Forward
1 - 0% - 60%
2 - 0% - 40%
PK3 Defense
1 - 0% - 60%
2 - 0% - 40%
44 Forward
1 - 0% - 60%
2 - 0% - 40%
44 Defense
1 - 0% - 60%
2 - 0% - 40%
Last Minute Offensive  - 0:00
Last Minute Defensive  - 0:00
Total
Forward - 60:00
Defense - 60:00

Play-by-Play

1st period


0:01 of 1st period - Logan Couture wins face-off versus Henrik Borgstrom in neutral zone.
0:01 of 1st period - Jake Guentzel is hit by Jacob Perreault and loses puck.
0:11 of 1st period - Shot by Logan Couture.
0:11 of 1st period - Shot Misses the Net.
0:25 of 1st period - Shot by Anders Lee.
0:25 of 1st period - Stopped by Jussi Olkinuora with a rebound.
0:30 of 1st period - Off-side.
0:31 of 1st period - Travis Howe wins face-off versus Nic Dowd in neutral zone.
0:51 of 1st period - Icing by Alex Petrovic.
0:52 of 1st period - Travis Howe wins face-off versus Teddy Blueger in Ducks zone.
1:03 of 1st period - Shot by Anthony Vincent.
1:03 of 1st period - Shot Misses the Net.
1:07 of 1st period - Shot by Alex Petrovic.
1:07 of 1st period - Shot Misses the Net.
1:09 of 1st period - Shot by Alex Petrovic.
1:09 of 1st period - Shot Misses the Net.
1:11 of 1st period - Shot by Travis Howe.
1:11 of 1st period - Stopped by Tristan Jarry without a rebound.
1:12 of 1st period - Cole Guttman wins face-off versus Kurtis MacDermid in Blues zone.
2:02 of 1st period - Devon Toews is hit by Tyler Motte and loses puck.
3:06 of 1st period - Shot by Henrik Borgstrom.
3:06 of 1st period - Shot Misses the Net.
3:08 of 1st period - Shot by Jack Dougherty.
3:08 of 1st period - Stopped by Tristan Jarry without a rebound.
3:09 of 1st period - Logan Couture wins face-off versus Travis Howe in Blues zone.
3:23 of 1st period - Alexey Toropchenko is hit by Anders Lee and loses puck.
3:36 of 1st period - Shot by Alexey Toropchenko.
3:36 of 1st period - Shot Blocked by Alex Green.
4:07 of 1st period - Teddy Blueger is hit by Alexey Toropchenko and loses puck.
4:22 of 1st period - Minor Penalty to Timo Meier for Slashing.
4:23 of 1st period - Nic Dowd wins face-off versus Henrik Borgstrom in Ducks zone.
4:34 of 1st period - Shot by Henrik Borgstrom.
4:34 of 1st period - Shot Misses the Net.
4:41 of 1st period - Icing by Noah Dobson.
4:42 of 1st period - Nic Dowd wins face-off versus Andrei Svechnikov in Blues zone.
4:42 of 1st period - Nic Dowd is hit by Andrei Svechnikov.
4:57 of 1st period - Icing by Noah Dobson.
4:58 of 1st period - Nic Dowd wins face-off versus Andrei Svechnikov in Blues zone.
5:27 of 1st period - Logan Couture is hit by Dylan McIlrath.
5:53 of 1st period - Shot by Gustav Forsling.
5:53 of 1st period - Shot Hit the Post.
6:18 of 1st period - Shot by Filip Forsberg.
6:18 of 1st period - Shot Blocked by Kurtis MacDermid.
6:20 of 1st period - Shot by Nic Dowd.
6:20 of 1st period - Shot Blocked by Devon Toews.
6:22 of 1st period - Shot by Nic Dowd.
6:22 of 1st period - Shot Misses the Net.
6:51 of 1st period - Icing by Seth Helgeson.
6:52 of 1st period - Travis Howe wins face-off versus Logan Couture in Ducks zone.
7:09 of 1st period - Shot by Logan Couture.
7:09 of 1st period - Shot Misses the Net.
7:11 of 1st period - Shot by Alexander Alexeyev.
7:11 of 1st period - Shot Blocked by Jack Dougherty.
7:15 of 1st period - Shot by Jake Guentzel.
7:15 of 1st period - Stopped by Jussi Olkinuora without a rebound.
7:16 of 1st period - Brennan Saulnier wins face-off versus Andrew Cogliano in Ducks zone.
7:18 of 1st period - Minor Penalty to Teddy Blueger for Holding.
7:19 of 1st period - Henrik Borgstrom wins face-off versus Eetu Luostarinen in Blues zone.
7:32 of 1st period - Shot by Andrew Cogliano.
7:32 of 1st period - Stopped by Jussi Olkinuora with a rebound.
7:46 of 1st period - Shot by Andrew Cogliano.
7:46 of 1st period - Shot Misses the Net.
7:48 of 1st period - Shot by Derek Forbort.
7:48 of 1st period - Shot Misses the Net.
7:50 of 1st period - Shot by Andrew Cogliano.
7:50 of 1st period - Shot Misses the Net.
7:52 of 1st period - Shot by Alexander Alexeyev.
7:52 of 1st period - Stopped by Jussi Olkinuora with a rebound.
7:54 of 1st period - Shot by Eetu Luostarinen.
7:54 of 1st period - Shot Misses the Net.
7:56 of 1st period - Shot by Andrew Cogliano.
7:56 of 1st period - Stopped by Jussi Olkinuora without a rebound.
7:57 of 1st period - Timo Meier wins face-off versus Brandon Hagel in Ducks zone.
8:27 of 1st period - Eetu Luostarinen is hit by Dylan McIlrath and loses puck.
9:12 of 1st period - Shot by Nicholas Caamano.
9:12 of 1st period - Stopped by Tristan Jarry without a rebound.
9:13 of 1st period - Henrik Borgstrom wins face-off versus Brandon Hagel in Blues zone.
9:13 of 1st period - Henrik Borgstrom is hit by Alexander Alexeyev.
9:44 of 1st period - Andrei Svechnikov is hit by Derek Forbort and loses puck.
9:47 of 1st period - Shot by Brennan Saulnier.
9:47 of 1st period - Shot Misses the Net.
10:19 of 1st period - Shot by Tyler Motte.
10:19 of 1st period - Shot Misses the Net.
10:48 of 1st period - Shot by Darren Helm.
10:48 of 1st period - Shot Misses the Net.
10:50 of 1st period - Shot by Eetu Luostarinen.
10:50 of 1st period - Stopped by Jussi Olkinuora without a rebound.
10:51 of 1st period - Henrik Borgstrom wins face-off versus Teddy Blueger in Ducks zone.
10:51 of 1st period - Minor Penalty to Teddy Blueger for Cross-checking.
10:52 of 1st period - Henrik Borgstrom wins face-off versus Eetu Luostarinen in Blues zone.
11:02 of 1st period - Icing by Ryan Wagner.
11:03 of 1st period - Eetu Luostarinen wins face-off versus Henrik Borgstrom in Ducks zone.
11:03 of 1st period - Alexander Alexeyev is hit by Jack Dougherty and loses puck.
11:18 of 1st period - Derek Forbort is hit by Nicholas Caamano and loses puck.
11:25 of 1st period - Shot by Dylan McIlrath.
11:25 of 1st period - Stopped by Tristan Jarry with a rebound.
12:08 of 1st period - Timo Meier is hit by Brandon Hagel and loses puck.
12:26 of 1st period - Shot by Devon Toews.
12:26 of 1st period - Shot Misses the Net.
12:56 of 1st period - Shot by Andrei Svechnikov.
12:56 of 1st period - Shot Misses the Net.
13:54 of 1st period - Shot by Eetu Luostarinen.
13:54 of 1st period - Shot Blocked by Devon Toews.
13:56 of 1st period - Shot by Gustav Forsling.
13:56 of 1st period - Shot Misses the Net.
14:59 of 1st period - Brandon Hagel is hit by Dylan McIlrath and loses puck.
15:05 of 1st period - Icing by Dylan McIlrath.
15:06 of 1st period - Logan Couture wins face-off versus Kurtis MacDermid in Ducks zone.
15:06 of 1st period - Jake Guentzel is hit by Alex Petrovic.
15:28 of 1st period - Shot by Logan Couture.
15:28 of 1st period - Shot Hit the Post.
15:57 of 1st period - Icing by Mario Ferraro.
15:58 of 1st period - Teddy Blueger wins face-off versus Henrik Borgstrom in Blues zone.
15:58 of 1st period - Teddy Blueger is hit by Timo Meier.
16:26 of 1st period - Shot by Timo Meier.
16:26 of 1st period - Shot Misses the Net.
17:03 of 1st period - Shot by Tyler Motte.
17:03 of 1st period - Deflect By Filip Forsberg.
17:03 of 1st period - Stopped by Jussi Olkinuora without a rebound.
17:04 of 1st period - Logan Couture wins face-off versus Andrei Svechnikov in Ducks zone.
17:09 of 1st period - Shot by Jake Guentzel.
17:09 of 1st period - Shot Hit the Post.
17:26 of 1st period - Andrei Svechnikov is hit by Derek Forbort and loses puck.
17:59 of 1st period - Shot by Filip Forsberg.
17:59 of 1st period - Shot Blocked by Henrik Borgstrom.
18:01 of 1st period - Shot by Tyler Motte.
18:01 of 1st period - Stopped by Jussi Olkinuora with a rebound.
18:03 of 1st period - Shot by Gustav Forsling.
18:03 of 1st period - Shot Misses the Net.
18:05 of 1st period - Shot by Alexander Alexeyev.
18:05 of 1st period - Stopped by Jussi Olkinuora with a rebound.
18:07 of 1st period - Shot by Nic Dowd.
18:07 of 1st period - Shot Blocked by Brandon Hickey.
18:09 of 1st period - Shot by Gustav Forsling.
18:09 of 1st period - Stopped by Jussi Olkinuora without a rebound.
18:10 of 1st period - Teddy Blueger wins face-off versus Travis Howe in Ducks zone.
18:31 of 1st period - Shot by Brandon Hagel.
18:31 of 1st period - Stopped by Jussi Olkinuora with a rebound.
18:33 of 1st period - Shot by Andrew Cogliano.
18:33 of 1st period - Stopped by Jussi Olkinuora with a rebound.
18:39 of 1st period - Shot by Teddy Blueger.
18:39 of 1st period - Shot Misses the Net.
18:41 of 1st period - Shot by Mario Ferraro.
18:41 of 1st period - Goal by Mario Ferraro - Ducks : 0 - Blues : 1.
18:42 of 1st period - Brennan Saulnier wins face-off versus Nic Dowd in neutral zone.
19:19 of 1st period - Minor Penalty to Timo Meier for Hooking.
19:20 of 1st period - Logan Couture wins face-off versus Jacob Perreault in Ducks zone.
19:20 of 1st period - Noah Dobson is hit by Dylan McIlrath and loses puck.
19:24 of 1st period - Jake Guentzel is hit by Dylan McIlrath and loses puck.
19:27 of 1st period - Shot by Brandon Hagel.
19:27 of 1st period - Shot Misses the Net.
19:29 of 1st period - Shot by Jake Guentzel.
19:29 of 1st period - Shot Misses the Net.
19:31 of 1st period - Shot by Noah Dobson.
19:31 of 1st period - Shot Misses the Net.
19:33 of 1st period - Shot by Logan Couture.
19:33 of 1st period - Shot Blocked by Alex Petrovic.
19:35 of 1st period - Shot by Jake Guentzel.
19:35 of 1st period - Stopped by Jussi Olkinuora with a rebound.
19:39 of 1st period - Shot by Jake Guentzel.
19:39 of 1st period - Shot Blocked by Jacob Perreault.
19:41 of 1st period - Shot by Brandon Hagel.
19:41 of 1st period - Deflect By Jake Guentzel.
19:41 of 1st period - Stopped by Jussi Olkinuora with a rebound.
19:43 of 1st period - Shot by Brandon Hagel.
19:43 of 1st period - Shot Misses the Net.
19:45 of 1st period - Shot by Brandon Hagel.
19:45 of 1st period - Stopped by Jussi Olkinuora with a rebound.
19:47 of 1st period - Shot by Noah Dobson.
19:47 of 1st period - Goal by Noah Dobson - Ducks : 0 - Blues : 2.
19:48 of 1st period - Darren Helm wins face-off versus Travis Howe in neutral zone.
Goals for this period are 0 for Ducks vs 2 for Blues.
Shots for this period are 4 for Ducks vs 17 for Blues.

2nd period


0:01 of 2nd period - Teddy Blueger wins face-off versus Brennan Saulnier in neutral zone.
0:04 of 2nd period - Dylan McIlrath is hit by Teddy Blueger and loses puck.
1:10 of 2nd period - Jacob Perreault is hit by Derek Forbort and loses puck.
1:17 of 2nd period - Shot by Timo Meier.
1:17 of 2nd period - Stopped by Tristan Jarry with a rebound.
1:26 of 2nd period - Off-side.
1:27 of 2nd period - Logan Couture wins face-off versus Travis Howe in neutral zone.
1:32 of 2nd period - Shot by Jake Guentzel.
1:32 of 2nd period - Shot Misses the Net.
1:34 of 2nd period - Shot by Noah Dobson.
1:34 of 2nd period - Shot Misses the Net.
1:36 of 2nd period - Shot by Mario Ferraro.
1:36 of 2nd period - Stopped by Jussi Olkinuora with a rebound.
1:38 of 2nd period - Shot by Anders Lee.
1:38 of 2nd period - Shot Blocked by Devon Toews.
1:40 of 2nd period - Shot by Anders Lee.
1:40 of 2nd period - Shot Misses the Net.
2:09 of 2nd period - Icing by Alexey Toropchenko.
2:10 of 2nd period - Travis Howe wins face-off versus Cole Guttman in Ducks zone.
2:20 of 2nd period - Shot by Alexander Alexeyev.
2:20 of 2nd period - Shot Misses the Net.
2:22 of 2nd period - Shot by Gustav Forsling.
2:22 of 2nd period - Shot Misses the Net.
2:24 of 2nd period - Shot by Cole Guttman.
2:24 of 2nd period - Stopped by Jussi Olkinuora with a rebound.
2:26 of 2nd period - Shot by Eetu Luostarinen.
2:26 of 2nd period - Goal by Eetu Luostarinen - Ducks : 0 - Blues : 3.
2:27 of 2nd period - Kurtis MacDermid wins face-off versus Nic Dowd in neutral zone.
2:34 of 2nd period - Shot by Kurtis MacDermid.
2:34 of 2nd period - Shot Blocked by Derek Forbort.
2:54 of 2nd period - Icing by Alex Green.
2:55 of 2nd period - Henrik Borgstrom wins face-off versus Nic Dowd in Blues zone.
3:52 of 2nd period - Shot by Brandon Hagel.
3:52 of 2nd period - Shot Misses the Net.
3:54 of 2nd period - Shot by Teddy Blueger.
3:54 of 2nd period - Deflect By Andrew Cogliano.
3:54 of 2nd period - Stopped by Jussi Olkinuora with a rebound.
4:00 of 2nd period - Shot by Alexander Alexeyev.
4:00 of 2nd period - Stopped by Jussi Olkinuora with a rebound.
4:02 of 2nd period - Shot by Andrew Cogliano.
4:02 of 2nd period - Shot Misses the Net.
4:04 of 2nd period - Shot by Alexander Alexeyev.
4:04 of 2nd period - Stopped by Jussi Olkinuora without a rebound.
4:05 of 2nd period - Travis Howe wins face-off versus Jake Guentzel in Ducks zone.
4:14 of 2nd period - Shot by Logan Couture.
4:14 of 2nd period - Stopped by Jussi Olkinuora without a rebound.
4:15 of 2nd period - Cole Guttman wins face-off versus Kurtis MacDermid in Ducks zone.
4:23 of 2nd period - Icing by Jack Dougherty.
4:24 of 2nd period - Andrei Svechnikov wins face-off versus Teddy Blueger in Ducks zone.
4:24 of 2nd period - Nicholas Caamano is hit by Teddy Blueger and loses puck.
4:43 of 2nd period - Shot by Andrew Cogliano.
4:43 of 2nd period - Stopped by Jussi Olkinuora without a rebound.
4:44 of 2nd period - Logan Couture wins face-off versus Jacob Perreault in Ducks zone.
5:02 of 2nd period - Henrik Borgstrom is hit by Alexander Alexeyev.
5:05 of 2nd period - Timo Meier is hit by Gustav Forsling and loses puck.
5:15 of 2nd period - Logan Couture is hit by Seth Helgeson and loses puck.
5:41 of 2nd period - Alexander Alexeyev is hit by Alex Petrovic and loses puck.
6:46 of 2nd period - Shot by Brandon Hagel.
6:46 of 2nd period - Goal by Brandon Hagel - Ducks : 0 - Blues : 4.
6:47 of 2nd period - Darren Helm wins face-off versus Henrik Borgstrom in neutral zone.
7:18 of 2nd period - Shot by Cole Guttman.
7:18 of 2nd period - Deflect By Eetu Luostarinen.
7:18 of 2nd period - Stopped by Jussi Olkinuora without a rebound.
7:19 of 2nd period - Teddy Blueger wins face-off versus Travis Howe in Ducks zone.
7:20 of 2nd period - Shot by Noah Dobson.
7:20 of 2nd period - Shot Misses the Net.
7:36 of 2nd period - Brandon Hickey is hit by Brandon Hagel and loses puck.
8:04 of 2nd period - Noah Dobson is hit by Kurtis MacDermid and loses puck.
9:03 of 2nd period - Shot by Darren Helm.
9:03 of 2nd period - Stopped by Jussi Olkinuora with a rebound.
9:05 of 2nd period - Shot by Darren Helm.
9:05 of 2nd period - Stopped by Jussi Olkinuora without a rebound.
9:06 of 2nd period - Brennan Saulnier wins face-off versus Logan Couture in Ducks zone.
9:31 of 2nd period - Shot by Andrei Svechnikov.
9:31 of 2nd period - Deflect By Brennan Saulnier.
9:31 of 2nd period - Stopped by Tristan Jarry without a rebound.
9:32 of 2nd period - Cole Guttman wins face-off versus Travis Howe in Blues zone.
9:32 of 2nd period - Noah Dobson is hit by Travis Howe and loses puck.
9:48 of 2nd period - Minor Penalty to Darren Helm for Tripping.
9:49 of 2nd period - Eetu Luostarinen wins face-off versus Ryan Wagner in Blues zone.
9:49 of 2nd period - Eetu Luostarinen is hit by Nicholas Caamano.
9:56 of 2nd period - Icing by Nicholas Caamano.
9:57 of 2nd period - Eetu Luostarinen wins face-off versus Henrik Borgstrom in Ducks zone.
10:00 of 2nd period - Shot by Andrew Cogliano.
10:00 of 2nd period - Shot Misses the Net.
10:07 of 2nd period - Icing by Henrik Borgstrom.
10:08 of 2nd period - Eetu Luostarinen wins face-off versus Henrik Borgstrom in Ducks zone.
10:20 of 2nd period - Icing by Dylan McIlrath.
10:21 of 2nd period - Eetu Luostarinen wins face-off versus Henrik Borgstrom in Ducks zone.
10:27 of 2nd period - Off-side.
10:28 of 2nd period - Timo Meier wins face-off versus Andrew Cogliano in neutral zone.
10:31 of 2nd period - Shot by Jacob Perreault.
10:31 of 2nd period - Stopped by Tristan Jarry with a rebound.
10:33 of 2nd period - Shot by Timo Meier.
10:33 of 2nd period - Deflect By Jacob Perreault.
10:33 of 2nd period - Shot Misses the Net.
10:35 of 2nd period - Shot by Alex Petrovic.
10:35 of 2nd period - Deflect By Timo Meier.
10:35 of 2nd period - Shot Misses the Net.
10:39 of 2nd period - Shot by Jacob Perreault.
10:39 of 2nd period - Shot Misses the Net.
11:01 of 2nd period - Teddy Blueger is hit by Timo Meier and loses puck.
11:28 of 2nd period - Shot by Devon Toews.
11:28 of 2nd period - Shot Misses the Net.
11:39 of 2nd period - Icing by Ryan Wagner.
11:40 of 2nd period - Teddy Blueger wins face-off versus Henrik Borgstrom in Ducks zone.
11:58 of 2nd period - Shot by Jake Guentzel.
11:58 of 2nd period - Shot Misses the Net.
12:10 of 2nd period - Shot by Alexey Toropchenko.
12:10 of 2nd period - Shot Blocked by Derek Forbort.
12:24 of 2nd period - Shot by Logan Couture.
12:24 of 2nd period - Stopped by Jussi Olkinuora without a rebound.
12:25 of 2nd period - Nic Dowd wins face-off versus Brennan Saulnier in Ducks zone.
12:54 of 2nd period - Corey Schueneman is hit by Tyler Motte and loses puck.
13:01 of 2nd period - Shot by Filip Forsberg.
13:01 of 2nd period - Stopped by Jussi Olkinuora with a rebound.
13:03 of 2nd period - Shot by Nic Dowd.
13:03 of 2nd period - Stopped by Jussi Olkinuora without a rebound.
13:04 of 2nd period - Teddy Blueger wins face-off versus Henrik Borgstrom in Ducks zone.
13:08 of 2nd period - Icing by Dylan McIlrath.
13:09 of 2nd period - Henrik Borgstrom wins face-off versus Teddy Blueger in Ducks zone.
13:14 of 2nd period - Shot by Dylan McIlrath.
13:14 of 2nd period - Stopped by Tristan Jarry without a rebound.
13:15 of 2nd period - Teddy Blueger wins face-off versus Henrik Borgstrom in Blues zone.
13:26 of 2nd period - Henrik Borgstrom is hit by Andrew Cogliano and loses puck.
13:55 of 2nd period - Shot by Brandon Hagel.
13:55 of 2nd period - Stopped by Jussi Olkinuora without a rebound.
13:56 of 2nd period - Nic Dowd wins face-off versus Nicholas Caamano in Ducks zone.
14:01 of 2nd period - Shot by Nic Dowd.
14:01 of 2nd period - Shot Misses the Net.
14:56 of 2nd period - Icing by Brandon Hickey.
14:57 of 2nd period - Logan Couture wins face-off versus Anthony Vincent in Ducks zone.
15:19 of 2nd period - Anthony Vincent is hit by Anders Lee and loses puck.
16:15 of 2nd period - Icing by Alex Petrovic.
16:16 of 2nd period - Teddy Blueger wins face-off versus Jacob Perreault in Ducks zone.
16:25 of 2nd period - Shot by Brandon Hagel.
16:25 of 2nd period - Shot Blocked by Alex Petrovic.
16:27 of 2nd period - Shot by Teddy Blueger.
16:27 of 2nd period - Shot Misses the Net.
16:29 of 2nd period - Shot by Gustav Forsling.
16:29 of 2nd period - Stopped by Jussi Olkinuora without a rebound.
16:30 of 2nd period - Nic Dowd wins face-off versus Kurtis MacDermid in Ducks zone.
16:37 of 2nd period - Shot by Devon Toews.
16:37 of 2nd period - Stopped by Tristan Jarry with a rebound.
17:01 of 2nd period - Shot by Filip Forsberg.
17:01 of 2nd period - Shot Misses the Net.
17:54 of 2nd period - Icing by Alexander Alexeyev.
17:55 of 2nd period - Travis Howe wins face-off versus Teddy Blueger in Blues zone.
18:14 of 2nd period - Shot by Cole Guttman.
18:14 of 2nd period - Stopped by Jussi Olkinuora without a rebound.
18:15 of 2nd period - Brennan Saulnier wins face-off versus Cole Guttman in Ducks zone.
18:15 of 2nd period - Brennan Saulnier is hit by Darren Helm.
18:33 of 2nd period - Shot by Eetu Luostarinen.
18:33 of 2nd period - Stopped by Jussi Olkinuora with a rebound.
18:35 of 2nd period - Shot by Cole Guttman.
18:35 of 2nd period - Shot Blocked by Dylan McIlrath.
18:37 of 2nd period - Shot by Derek Forbort.
18:37 of 2nd period - Shot Misses the Net.
18:41 of 2nd period - Shot by Cole Guttman.
18:41 of 2nd period - Deflect By Eetu Luostarinen.
18:41 of 2nd period - Stopped by Jussi Olkinuora without a rebound.
18:42 of 2nd period - Logan Couture wins face-off versus Timo Meier in Ducks zone.
18:42 of 2nd period - Jake Guentzel is hit by Devon Toews and loses puck.
18:47 of 2nd period - Shot by Jake Guentzel.
18:47 of 2nd period - Shot Blocked by Devon Toews.
18:49 of 2nd period - Shot by Anders Lee.
18:49 of 2nd period - Shot Misses the Net.
18:51 of 2nd period - Shot by Jake Guentzel.
18:51 of 2nd period - Deflect By Logan Couture.
18:51 of 2nd period - Stopped by Jussi Olkinuora without a rebound.
18:52 of 2nd period - Nic Dowd wins face-off versus Travis Howe in Ducks zone.
18:53 of 2nd period - Shot by Filip Forsberg.
18:53 of 2nd period - Shot Misses the Net.
18:55 of 2nd period - Shot by Nic Dowd.
18:55 of 2nd period - Shot Blocked by Seth Helgeson.
19:01 of 2nd period - Shot by Tyler Motte.
19:01 of 2nd period - Stopped by Jussi Olkinuora without a rebound.
19:02 of 2nd period - Logan Couture wins face-off versus Henrik Borgstrom in Ducks zone.
19:02 of 2nd period - Anders Lee is hit by Dylan McIlrath.
19:11 of 2nd period - Jake Guentzel is hit by Dylan McIlrath.
19:20 of 2nd period - Henrik Borgstrom is hit by Derek Forbort and loses puck.
19:42 of 2nd period - Icing by Dylan McIlrath.
19:43 of 2nd period - Henrik Borgstrom wins face-off versus Tyler Motte in Ducks zone.
Goals for this period are 0 for Ducks vs 2 for Blues.
Shots for this period are 5 for Ducks vs 22 for Blues.

3rd period


0:01 of 3rd period - Brennan Saulnier wins face-off versus Cole Guttman in neutral zone.
0:47 of 3rd period - Mario Ferraro is hit by Seth Helgeson.
1:37 of 3rd period - Shot by Anthony Vincent.
1:37 of 3rd period - Stopped by Tristan Jarry without a rebound.
1:38 of 3rd period - Teddy Blueger wins face-off versus Kurtis MacDermid in Blues zone.
1:42 of 3rd period - Off-side.
1:43 of 3rd period - Tyler Motte wins face-off versus Travis Howe in neutral zone.
1:48 of 3rd period - Icing by Travis Howe.
1:49 of 3rd period - Travis Howe wins face-off versus Teddy Blueger in Ducks zone.
2:20 of 3rd period - Shot by Andrew Cogliano.
2:20 of 3rd period - Shot Misses the Net.
2:30 of 3rd period - Devon Toews is hit by Andrew Cogliano and loses puck.
2:49 of 3rd period - Shot by Kurtis MacDermid.
2:49 of 3rd period - Goal by Kurtis MacDermid - Ducks : 1 - Blues : 4.
2:50 of 3rd period - Brennan Saulnier wins face-off versus Jake Guentzel in neutral zone.
3:22 of 3rd period - Shot by Logan Couture.
3:22 of 3rd period - Stopped by Jussi Olkinuora with a rebound.
3:24 of 3rd period - Shot by Logan Couture.
3:24 of 3rd period - Stopped by Jussi Olkinuora without a rebound.
3:25 of 3rd period - Henrik Borgstrom wins face-off versus Nic Dowd in Ducks zone.
3:40 of 3rd period - Icing by Brandon Hickey.
3:41 of 3rd period - Cole Guttman wins face-off versus Henrik Borgstrom in Ducks zone.
4:16 of 3rd period - Icing by Mario Ferraro.
4:17 of 3rd period - Eetu Luostarinen wins face-off versus Kurtis MacDermid in Blues zone.
4:17 of 3rd period - Eetu Luostarinen is hit by Kurtis MacDermid.
4:27 of 3rd period - Nicholas Caamano is hit by Darren Helm and loses puck.
4:38 of 3rd period - Icing by Noah Dobson.
4:39 of 3rd period - Cole Guttman wins face-off versus Travis Howe in Blues zone.
4:45 of 3rd period - Noah Dobson is hit by Corey Schueneman and loses puck.
4:59 of 3rd period - Alexey Toropchenko is hit by Alexander Alexeyev and loses puck.
5:08 of 3rd period - Shot by Filip Forsberg.
5:08 of 3rd period - Shot Misses the Net.
5:10 of 3rd period - Shot by Filip Forsberg.
5:10 of 3rd period - Stopped by Jussi Olkinuora without a rebound.
5:11 of 3rd period - Logan Couture wins face-off versus Kurtis MacDermid in Ducks zone.
5:12 of 3rd period - Shot by Jake Guentzel.
5:12 of 3rd period - Stopped by Jussi Olkinuora without a rebound.
5:13 of 3rd period - Logan Couture wins face-off versus Kurtis MacDermid in Ducks zone.
5:16 of 3rd period - Shot by Anders Lee.
5:16 of 3rd period - Shot Misses the Net.
5:25 of 3rd period - Jake Guentzel is hit by Alex Petrovic and loses puck.
5:32 of 3rd period - Shot by Anders Lee.
5:32 of 3rd period - Shot Misses the Net.
5:56 of 3rd period - Off-side.
5:57 of 3rd period - Nic Dowd wins face-off versus Henrik Borgstrom in neutral zone.
6:09 of 3rd period - Shot by Jacob Perreault.
6:09 of 3rd period - Stopped by Tristan Jarry without a rebound.
6:10 of 3rd period - Teddy Blueger wins face-off versus Travis Howe in Blues zone.
7:04 of 3rd period - Shot by Nic Dowd.
7:04 of 3rd period - Shot Misses the Net.
7:06 of 3rd period - Shot by Tyler Motte.
7:06 of 3rd period - Stopped by Jussi Olkinuora with a rebound.
7:08 of 3rd period - Shot by Nic Dowd.
7:08 of 3rd period - Stopped by Jussi Olkinuora with a rebound.
7:10 of 3rd period - Shot by Tyler Motte.
7:10 of 3rd period - Deflect By Filip Forsberg.
7:10 of 3rd period - Stopped by Jussi Olkinuora with a rebound.
7:12 of 3rd period - Shot by Alexander Alexeyev.
7:12 of 3rd period - Stopped by Jussi Olkinuora without a rebound.
7:13 of 3rd period - Logan Couture wins face-off versus Brennan Saulnier in Ducks zone.
7:25 of 3rd period - Icing by Jack Dougherty.
7:26 of 3rd period - Nic Dowd wins face-off versus Brennan Saulnier in Ducks zone.
7:47 of 3rd period - Shot by Filip Forsberg.
7:47 of 3rd period - Stopped by Jussi Olkinuora with a rebound.
7:55 of 3rd period - Shot by Andrei Svechnikov.
7:55 of 3rd period - Deflect By Brennan Saulnier.
7:55 of 3rd period - Stopped by Tristan Jarry without a rebound.
7:56 of 3rd period - Logan Couture wins face-off versus Henrik Borgstrom in Blues zone.
8:07 of 3rd period - Shot by Logan Couture.
8:07 of 3rd period - Shot Misses the Net.
8:09 of 3rd period - Shot by Derek Forbort.
8:09 of 3rd period - Stopped by Jussi Olkinuora without a rebound.
8:10 of 3rd period - Kurtis MacDermid wins face-off versus Teddy Blueger in Ducks zone.
8:10 of 3rd period - Kurtis MacDermid is hit by Teddy Blueger.
8:27 of 3rd period - Shot by Brandon Hagel.
8:27 of 3rd period - Shot Blocked by Dylan McIlrath.
8:29 of 3rd period - Shot by Brandon Hagel.
8:29 of 3rd period - Shot Blocked by Andrei Svechnikov.
8:31 of 3rd period - Shot by Teddy Blueger.
8:31 of 3rd period - Shot Misses the Net.
9:03 of 3rd period - Shot by Filip Forsberg.
9:03 of 3rd period - Shot Blocked by Dylan McIlrath.
9:05 of 3rd period - Shot by Nic Dowd.
9:05 of 3rd period - Deflect By Filip Forsberg.
9:05 of 3rd period - Stopped by Jussi Olkinuora without a rebound.
9:06 of 3rd period - Logan Couture wins face-off versus Henrik Borgstrom in Ducks zone.
9:13 of 3rd period - Shot by Anders Lee.
9:13 of 3rd period - Stopped by Jussi Olkinuora with a rebound.
9:17 of 3rd period - Shot by Logan Couture.
9:17 of 3rd period - Shot Misses the Net.
9:19 of 3rd period - Shot by Jake Guentzel.
9:19 of 3rd period - Shot Misses the Net.
9:21 of 3rd period - Shot by Derek Forbort.
9:21 of 3rd period - Stopped by Jussi Olkinuora with a rebound.
9:23 of 3rd period - Shot by Logan Couture.
9:23 of 3rd period - Stopped by Jussi Olkinuora with a rebound.
9:25 of 3rd period - Shot by Derek Forbort.
9:25 of 3rd period - Shot Misses the Net.
9:33 of 3rd period - Shot by Jake Guentzel.
9:33 of 3rd period - Stopped by Jussi Olkinuora with a rebound.
9:35 of 3rd period - Shot by Logan Couture.
9:35 of 3rd period - Shot Hit the Post.
9:37 of 3rd period - Shot by Logan Couture.
9:37 of 3rd period - Stopped by Jussi Olkinuora without a rebound.
9:38 of 3rd period - Travis Howe wins face-off versus Tyler Motte in Ducks zone.
9:43 of 3rd period - Nic Dowd is hit by Travis Howe and loses puck.
10:38 of 3rd period - Shot by Brandon Hagel.
10:38 of 3rd period - Shot Misses the Net.
10:49 of 3rd period - Icing by Brandon Hagel.
10:50 of 3rd period - Teddy Blueger wins face-off versus Henrik Borgstrom in Blues zone.
10:50 of 3rd period - Noah Dobson is hit by Timo Meier and loses puck.
10:52 of 3rd period - Minor Penalty to Timo Meier for Hooking.
10:53 of 3rd period - Logan Couture wins face-off versus Andrei Svechnikov in Ducks zone.
10:59 of 3rd period - Shot by Noah Dobson.
10:59 of 3rd period - Shot Misses the Net.
11:01 of 3rd period - Shot by Brandon Hagel.
11:01 of 3rd period - Shot Misses the Net.
11:15 of 3rd period - Shot by Anders Lee.
11:15 of 3rd period - Shot Blocked by Kurtis MacDermid.
11:19 of 3rd period - Shot by Noah Dobson.
11:19 of 3rd period - Stopped by Jussi Olkinuora with a rebound.
11:29 of 3rd period - Shot by Jake Guentzel.
11:29 of 3rd period - Stopped by Jussi Olkinuora with a rebound.
12:23 of 3rd period - Icing by Brandon Hagel.
12:24 of 3rd period - Henrik Borgstrom wins face-off versus Logan Couture in Blues zone.
12:27 of 3rd period - Shot by Alexey Toropchenko.
12:27 of 3rd period - Shot Misses the Net.
12:37 of 3rd period - Shot by Tyler Motte.
12:37 of 3rd period - Stopped by Jussi Olkinuora with a rebound.
13:06 of 3rd period - Shot by Anthony Vincent.
13:06 of 3rd period - Shot Misses the Net.
13:49 of 3rd period - Seth Helgeson is hit by Gustav Forsling and loses puck.
14:57 of 3rd period - Shot by Timo Meier.
14:57 of 3rd period - Shot Misses the Net.
14:59 of 3rd period - Shot by Dylan McIlrath.
14:59 of 3rd period - Shot Misses the Net.
15:11 of 3rd period - Devon Toews is hit by Nic Dowd and loses puck.
15:27 of 3rd period - Jake Guentzel is hit by Corey Schueneman and loses puck.
15:33 of 3rd period - Minor Penalty to Corey Schueneman for Hooking.
15:34 of 3rd period - Logan Couture wins face-off versus Andrei Svechnikov in Ducks zone.
15:50 of 3rd period - Off-side.
15:51 of 3rd period - Logan Couture wins face-off versus Andrei Svechnikov in neutral zone.
16:05 of 3rd period - Shot by Brandon Hagel.
16:05 of 3rd period - Shot Blocked by Kurtis MacDermid.
16:07 of 3rd period - Shot by Anders Lee.
16:07 of 3rd period - Shot Misses the Net.
16:17 of 3rd period - Logan Couture is hit by Kurtis MacDermid and loses puck.
17:28 of 3rd period - Shot by Jake Guentzel.
17:28 of 3rd period - Shot Blocked by Kurtis MacDermid.
17:39 of 3rd period - Alexey Toropchenko is hit by Derek Forbort and loses puck.
17:48 of 3rd period - Shot by Alexey Toropchenko.
17:48 of 3rd period - Shot Misses the Net.
17:50 of 3rd period - Shot by Anthony Vincent.
17:50 of 3rd period - Stopped by Tristan Jarry without a rebound.
17:51 of 3rd period - Henrik Borgstrom wins face-off versus Teddy Blueger in Blues zone.
19:14 of 3rd period - Icing by Dylan McIlrath.
19:15 of 3rd period - Nic Dowd wins face-off versus Brennan Saulnier in Ducks zone.
19:16 of 3rd period - Shot by Gustav Forsling.
19:16 of 3rd period - Shot Misses the Net.
19:40 of 3rd period - Shot by Filip Forsberg.
19:40 of 3rd period - Shot Blocked by Ryan Wagner.
Goals for this period are 1 for Ducks vs 0 for Blues.
Shots for this period are 5 for Ducks vs 19 for Blues.